 Dungeon Crawl Stone Soup version 0.21.1-1-g345015f (webtiles) character file.

177084 zishaf the Warrior (level 17, -10/163 HPs)
             Began as a Minotaur Berserker on May 10, 2018.
             Was the Champion of Trog.
             Killed by a resonance strike
             ... invoked by a ragged hierophant
              (25 damage)
             ... in the Desolation of Salt.
             The game lasted 02:13:37 (32065 turns).

zishaf the Warrior (Minotaur Berserker)            Turns: 32065, Time: 02:13:38

Health: -10/163    AC: 39    Str: 32    XL:     17   Next: 53%
Magic:  29/29      EV: 15    Int:  4    God:    Trog [******]
Gold:   2158       SH: 22    Dex: 15    Spells: 16/16 levels left

rFire    + + +     SeeInvis +   a - +12 lance "Wyrmbane" {slay drac, rPois rF+ rC+ AC+3}
rCold    . . .     Gourm    .   O - +2 shield "Dudacsor" {rPois}
rNeg     . . .     Faith    .   P - +6 chain mail of Rationality {rPois rC- MP+9 SInv}
rPois    +         Spirit   .   W - +1 hat
rElec    .         Reflect  +   r - +2 cloak {+Inv}
rCorr    .         Harm     .   Q - +1 pair of gloves of Miracles {rF+ Stlth+}
MR       ++...     Clarity  +   U - +2 pair of boots
Stlth    ..........             s - amulet of Onajaw {Reflect MR+ Dex+4 SH+5}
HPRegen  0.37/turn              d - +5 ring of protection
MPRegen  0.21/turn              X - +2 ring of strength

@: no status effects
A: retaliatory headbutt, horns 2, clarity, fire resistance 1, strong 1
a: Berserk, Trog's Hand, Brothers in Arms, Burn Spellbooks, Renounce Religion,
Evoke Invisibility


You were in the Desolation of Salt.
You worshipped Trog.
Trog was exalted by your worship.
You were hungry.

You visited 7 branches of the dungeon, and saw 29 of its levels.
You also visited: Ice Cave and Desolation.

You collected 2817 gold pieces.
You spent 659 gold pieces at shops.

Inventory:

Hand Weapons
 a - the +12 lance "Wyrmbane" (weapon) {slay drac, rPois rF+ rC+ AC+3}
   (You found it on level 5 of the Lair of Beasts)

   It affects your AC (+3).
   It protects you from fire.
   It protects you from cold.
   It protects you from poison.
 b - a +5 hand crossbow of flaming
 T - a +9 antimagic executioner's axe
Missiles
 J - 219 bolts
Armour
 q - a +2 shield
 r - a +2 cloak of invisibility (worn)
 N - a +0 plate armour
 O - the +2 shield "Dudacsor" (worn) {rPois}
   (You found it on level 6 of the Lair of Beasts)

   It protects you from poison.
 P - the +6 chain mail of Rationality (worn) {rPois rC- MP+9 SInv}
   (You found it on level 11 of the Dungeon)

   It makes you vulnerable to cold.
   It protects you from poison.
   It affects your magic capacity (+9).
   It lets you see invisible.
 Q - the +1 pair of gloves of Miracles (worn) {rF+ Stlth+}
   (You bought it in a shop on level 2 of the Orcish Mines)

   It protects you from fire.
   It makes you more stealthy.
 U - a +2 pair of boots (worn)
 W - a +1 hat (worn)
Jewellery
 d - a +5 ring of protection (left hand)
 s - the amulet of Onajaw (around neck) {Reflect MR+ Dex+4 SH+5}
   (You took it off a crimson imp on level 1 of the Depths)

   [amulet of reflection]

   It shields you and reflects attacks.
   It affects your dexterity (+4).
   It affects your resistance to hostile enchantments.
   It affects your SH (+5).
 y - an uncursed ring of resist corrosion
 C - an uncursed ring of protection from magic
 X - a +2 ring of strength (right hand)
Wands
 e - a wand of enslavement (14)
 k - a wand of paralysis (37)
 w - a wand of flame (31)
 A - a wand of digging (57)
 B - a wand of disintegration (31)
 D - a wand of acid (3)
 I - a wand of polymorph (13)
Scrolls
 g - 5 scrolls of enchant armour
 i - 12 scrolls of remove curse
 l - 4 scrolls of enchant weapon
 n - 9 scrolls of magic mapping
 o - 5 scrolls of blinking
 p - 22 scrolls of teleportation
 x - a scroll of summoning
 E - 4 scrolls of fear
 M - a scroll of fog
 R - 5 scrolls of identify
 Z - a scroll of holy word
Potions
 f - 3 potions of agility
 h - 2 potions of haste
 j - 13 potions of curing
 t - 3 potions of berserk rage
 u - 4 potions of might
 v - 6 potions of flight
 K - 3 potions of invisibility
 L - 7 potions of ambrosia
 Y - 2 potions of cancellation
Miscellaneous
 V - a phial of floods (inert)
Comestibles
 c - 46 rations
 m - 3 chunks of flesh


   Skills:
 - Level 18.0 Fighting
   Level 14.0 Long Blades
 - Level 12.2(13.3) Axes
 - Level 9.4(12.0) Polearms
 + Level 7.5 Crossbows
 - Level 16.1 Armour
 - Level 9.0 Dodging
 - Level 15.0 Shields
 - Level 6.0 Evocations


You had 16 spell levels left.
You didn't know any spells.

Dungeon Overview and Level Annotations

Branches:
Dungeon (15/15)            Temple (0/1) D:7            Lair (6/6) D:9
  Swamp (2/4) Lair:3        Snake (0/4) Lair:2        Slime (1/5) Lair:5
    Orc (2/2) D:9             Elf (2/3) Orc:2        Vaults (0/5) D:14
 Depths (1/5) D:15

Altars:
Elyvilon
Fedhas
Gozag
Nemelex Xobeh
Vehumet
Xom
Beogh
Jiyva

Shops:
D:9 :?   D:12 (   D:14 *   Orc:1 %%(:(   Orc:2 [(*:   Elf:2 *

Portals:
Hell: Depths:1

Annotations:
Elf:2 3 runed doors


Innate Abilities, Weirdness & Mutations

You reflexively headbutt those who attack you in melee.
You have a pair of horns on your head.
You possess an exceptional clarity of mind.
Your flesh is heat resistant. (rF+)
Your muscles are strong. (Str +2)


Message History

The peacekeeper claws you but does no damage.
The ragged hierophant hits you but does no damage.
The ironbrand convoker points at the saltling and mumbles some strange words.
The saltling seems to grow stronger.
The troll bites you but does no damage. The troll misses you.
The troll barely misses you.
The saltling hits you but does no damage.
You feel better.
You feel less invigorated.
The peacekeeper is no longer covered in acid.
You block the peacekeeper's attack.
The peacekeeper claws you but does no damage.
You block the saltling's attack.
The saltling hits you but does no damage.
The ragged hierophant gestures at you while chanting.
A blast of power from the earth and the adjacent constructs strikes you!
* * * LOW HITPOINT WARNING * * *
The troll bites you but does no damage. You block the troll's attack.
The troll claws you but does no damage.
The ragged hierophant gestures at you while chanting.
A blast of power from the earth and the adjacent constructs strikes you!
You die...

.§.§§§..§§............ ..
...§.....§§..........# ...
.....................##...
.......#..................
..........†...............
..................∩.......
........).)...............
...........8Tp....∩.......
...§§.....p8@88...........
.§§§.§.§..p8##............
§§§§§§§§§§.8..............
§§§§§§§§§§.p..............
.§§§§§.§§§..≈.............
§§§§§§§§§.≈.............
§§§§..≈≈............
§§§.......... ..........


You could see 2 ragged hierophants, a servant of whispers, an ironbrand
convoker, a peacekeeper, a troll (berserk) and 5 saltlings.

Vanquished Creatures
  Rupert (Lair:4)
  An acid blob (Lair:5)
  Kirke (Lair:5)
  A thorn hunter (Swamp:1)
  A fire giant (D:15)
  2 orc warlords
  A deep elf annihilator (Elf:1)
  2 ettins
  3 blizzard demons
  2 ragged hierophants (Desolation)
  2 fire dragons (Depths:1)
  A deep elf high priest (Elf:1)
  A great orb of eyes (Depths:1)
  4 vault guards (D:14)
  A catoblepas (D:15)
  An ice dragon (Depths:1)
  A rakshasa (Depths:1)
  7 hydras
  A peacekeeper (Desolation)
  5 centaur warriors
  3 alligators (Swamp:1)
  A death knight (D:14)
  5 ogre magi
  19 two-headed ogres
  An orc high priest (Orc:2)
  13 dancing weapons
  Urug (Orc:1)
  7 spriggans
  A soul eater (Depths:1)
  5 deep elf knights
  2 sun demons (Depths:1)
  A spriggan druid (Swamp:1)
  An unseen horror (D:14)
  4 skeletal warriors (D:15)
  A shambling mangrove (Swamp:2)
  4 swamp dragons
  A wizard (D:15)
  A flayed ghost (Depths:1)
  4 deep elf archers
  An obsidian statue (Depths:1)
  A harpy (shapeshifter) (D:14)
  A wolf spider zombie (D:15)
  Pikel (D:5)
  34 deep elf magi
  2 ugly things
  4 orc knights
  3 orc sorcerers (Orc:2)
  A cyclops (D:14)
  A guardian serpent (shapeshifter) (Elf:1)
  14 elephants
  5 black mambas
  An ice statue (IceCv)
  A gargoyle (D:14)
  A guardian serpent (Desolation)
  30 spiny frogs
  11 yaktaurs
  A rust devil (Depths:1)
  10 komodo dragons
  4 rime drakes
  5 freezing wraiths
  A kobold demonologist (D:13)
  3 anaconda simulacra (IceCv)
  7 ice devils
  A meliai (shapeshifter) (D:15)
  A queen bee (D:9)
  2 tengu conjurers
  3 trolls
  7 hornets
  A polar bear (Lair:4)
  22 blink frogs
  8 slime creatures
  Prince Ribbit (D:7)
  7 hippogriffs
  5 tyrant leeches (Lair:6)
  10 saltlings (Desolation)
  4 bog bodies
  A shadow (D:15)
  A wyvern (Lair:6)
  An air elemental (Elf:1)
  16 yaks
  4 wraiths
  8 hogs
  A dire elephant simulacrum (IceCv)
  3 basilisks
  4 water elementals
  3 humans
  A fire elemental (Elf:1)
  4 wargs
  7 harpy simulacra (IceCv)
  11 swamp worms
  10 insubstantial wisps (Swamp:2)
  15 vampire mosquitoes
  An iron troll simulacrum (IceCv)
  2 acid dragons
  4 nagas (Lair:2)
  6 hydra simulacra (IceCv)
  5 porcupines
  18 water moccasins
  A black bear (D:11)
  2 ice beasts
  A hornet zombie (D:13)
  6 swamp drakes
  26 orc warriors
  3 sky beasts
  4 slaves (D:5)
  The ghost of FlobFlarker the Sneak, an amateur FeAE (D:3)
  An eye of draining (D:15)
  18 ogres
  An ettin simulacrum (IceCv)
  4 phantoms
  30 centaurs
  6 wolves (Lair:2)
  11 crocodiles
  27 bullfrogs
  3 big kobolds
  2 earth elementals
  A wyvern zombie (D:9)
  2 wyvern skeletons
  5 scorpions
  An elephant simulacrum (IceCv)
  33 killer bees
  6 wights
  5 howler monkeys
  9 crimson imps
  2 centaur zombies
  A quasit (D:8)
  A draconian simulacrum (IceCv)
  13 orc priests
  6 hounds
  Crazy Yiuf (D:3)
  3 bullfrog skeletons
  5 jellies
  30 orc wizards
  6 centaur skeletons
  3 iron imps (Depths:1)
  4 iguanas
  13 worker ants
  2 troll simulacra (IceCv)
  3 spriggan simulacra (IceCv)
  A wolf simulacrum (IceCv)
  3 centaur simulacra (IceCv)
  A hound zombie (D:11)
  A howler monkey zombie (D:5)
  A worker ant zombie (D:11)
  6 gnolls
  13 adders
  2 howler monkey skeletons (D:10)
  2 naga simulacra (IceCv)
  3 shadow imps
  8 white imps
  10 ufetubi (IceCv)
  An ooze (D:3)
  An adder skeleton (D:6)
  An adder zombie (D:6)
  4 worms
  4 dart slugs
  7 leopard geckos
  73 orcs
  6 bats
  2 giant cockroaches
  4 goblins
  7 hobgoblins
  7 jackals
  3 quokkas
  3 frilled lizards
  A jackal skeleton (D:11)
  16 kobolds
  A leopard gecko skeleton (D:4)
  A leopard gecko zombie (D:5)
  A quokka skeleton (D:7)
  A quokka zombie (D:8)
  9 rats
  A fungus (Lair:6)
  3 plants (Lair:6)
965 creatures vanquished.

Vanquished Creatures (collateral kills)
  2 hydras
  A servant of whispers (Desolation)
  A peacekeeper (Desolation)
  A komodo dragon (Lair:6)
  8 saltlings (Desolation)
  A basilisk (Lair:6)
  A water moccasin (Lair:4)
  An orc warrior (D:15)
  2 crocodiles (Lair:6)
  An orc (D:15)
19 creatures vanquished.

Vanquished Creatures (others)
  A deep elf knight (Elf:1)
  A deep elf archer (Elf:2)
  A deep elf mage (Elf:2)
  A human (Lair:5)
  2 wights (D:15)
  3 fungi
  36 plants
45 creatures vanquished.

Grand Total: 1029 creatures vanquished

Notes
Turn   | Place    | Note
-------+----------+-------------------------------------------
     0 | D:1      | zishaf the Minotaur Berserker began the quest for the Orb.
     0 | D:1      | Reached XP level 1. HP: 19/19 MP: 0/0
    64 | D:1      | Reached XP level 2. HP: 25/26 MP: 1/1
   388 | D:1      | Reached skill level 5 in Axes
   426 | D:2      | Reached XP level 3. HP: 31/31 MP: 2/2
   706 | D:2      | Reached ** piety under Trog
   960 | D:3      | Noticed an ogre
   970 | D:3      | Killed an ogre
   970 | D:3      | Reached XP level 4. HP: 10/39 MP: 3/3
   970 | D:3      | Reached XP level 5. HP: 12/45 MP: 4/4
  1286 | D:3      | Reached skill level 4 in Fighting
  1541 | D:3      | Reached skill level 5 in Fighting
  1644 | D:3      | Noticed FlobFlarker's ghost (amateur FeAE)
  1658 | D:3      | Killed FlobFlarker's ghost
  1658 | D:3      | Reached XP level 6. HP: 51/57 MP: 5/5
  1799 | D:3      | Found a runed door.
  1803 | D:3      | Noticed Crazy Yiuf
  1811 | D:3      | Killed Crazy Yiuf
  1811 | D:3      | Reached skill level 6 in Fighting
  1996 | D:4      | Reached *** piety under Trog
  2053 | D:4      | Reached skill level 7 in Fighting
  2081 | D:4      | Reached XP level 7. HP: 45/66 MP: 6/6
  2145 | D:4      | Reached skill level 8 in Fighting
  2388 | D:4      | Found a white marble altar of Elyvilon.
  2437 | D:4      | Reached skill level 9 in Fighting
  2801 | D:4      | Found a shimmering altar of Xom.
  2835 | D:5      | Entered Level 5 of the Dungeon
  3125 | D:5      | Reached skill level 1 in Long Blades
  3125 | D:5      | Reached XP level 8. HP: 56/79 MP: 7/7
  3126 | D:5      | Noticed Pikel
  3147 | D:5      | Killed Pikel
  3147 | D:5      | Reached skill level 10 in Fighting
  3369 | D:5      | Reached skill level 5 in Long Blades
  3388 | D:5      | Found an opulent altar of Gozag.
  3642 | D:6      | Reached **** piety under Trog
  4440 | D:6      | Reached XP level 9. HP: 86/86 MP: 8/8
  4501 | D:7      | Noticed a two-headed ogre
  4513 | D:6      | Reached skill level 5 in Armour
  4668 | D:7      | Killed a two-headed ogre
  4969 | D:7      | Found a staircase to the Ecumenical Temple.
  5070 | D:7      | Noticed Prince Ribbit
  5079 | D:7      | Killed Prince Ribbit
  5079 | D:7      | Reached skill level 11 in Fighting
  5418 | D:8      | Noticed a two-headed ogre
  5429 | D:8      | Killed a two-headed ogre
  5429 | D:8      | Reached XP level 10. HP: 96/96 MP: 9/9
  5625 | D:8      | Reached ***** piety under Trog
  5799 | D:8      | Reached skill level 10 in Armour
  5965 | D:8      | Reached skill level 12 in Fighting
  6201 | D:9      | Found a sparkling altar of Nemelex Xobeh.
  6756 | D:9      | Noticed a two-headed ogre
  6766 | D:9      | Killed a two-headed ogre
  6766 | D:9      | Reached skill level 5 in Dodging
  6816 | D:9      | Received a gift from Trog
  6972 | D:9      | Found a staircase to the Lair.
  7067 | D:9      | Reached skill level 13 in Fighting
  7067 | D:9      | Reached XP level 11. HP: 74/107 MP: 10/10
  7325 | D:9      | Found a staircase to the Orcish Mines.
  7657 | D:9      | Found Suitif's Magic Scroll Shop.
  7675 | D:9      | Bought a scroll of enchant weapon for 120 gold pieces
  7675 | D:9      | Bought a scroll of teleportation for 48 gold pieces
  7907 | D:9      | Found Pevogg's Book Shop.
  7924 | D:9      | Reached skill level 15 in Fighting
  7924 | D:9      | Reached XP level 12. HP: 122/122 MP: 11/11
  7945 | D:10     | Entered Level 10 of the Dungeon
  8032 | D:10     | Reached skill level 16 in Fighting
  8401 | D:10     | Noticed a two-headed ogre
  8410 | D:10     | Killed a two-headed ogre
  8944 | D:11     | Noticed a two-headed ogre
  8951 | D:11     | Killed a two-headed ogre
  9002 | D:11     | Noticed a five-headed hydra
  9063 | D:10     | Killed a six-headed hydra
  9063 | D:10     | Reached skill level 10 in Long Blades
  9254 | D:11     | Got a bronze chain mail
  9258 | D:11     | Noticed a two-headed ogre
  9263 | D:11     | Killed a two-headed ogre
  9331 | D:11     | Found a radiant altar of Vehumet.
 10279 | D:12     | Reached XP level 13. HP: 125/128 MP: 12/12
 10336 | D:12     | Found Ateluts's Weapon Emporium.
 10351 | D:12     | Bought a +0 great sword of electrocution for 254 gold pieces
 10902 | Lair:1   | Entered Level 1 of the Lair of Beasts
 12062 | Lair:2   | Identified the +6 chain mail of Rationality {rPois rC- MP+9 SInv} (You found it on level 11 of the Dungeon)
 12189 | Lair:2   | Received a gift from Trog
 12230 | Lair:2   | Found a staircase to the Snake Pit.
 13014 | Lair:3   | Found a staircase to the Swamp.
 13871 | Lair:4   | Reached skill level 1 in Evocations
 13948 | Lair:4   | Gained mutation: Your flesh is heat resistant. (rF+) [potion of mutation]
 13948 | Lair:4   | Gained mutation: You possess an exceptional clarity of mind. [potion of mutation]
 13948 | Lair:4   | Gained mutation: Your muscles are strong. (Str +2) [potion of mutation]
 14137 | Lair:4   | Noticed Rupert
 14154 | Lair:4   | Killed Rupert
 15330 | Lair:5   | Noticed Kirke
 15369 | Lair:5   | Killed Kirke
 15369 | Lair:5   | Reached XP level 14. HP: 131/137 MP: 15/15
 15596 | Lair:5   | Reached skill level 10 in Axes
 15653 | Lair:5   | Received a gift from Trog
 16050 | Lair:5   | Found the +8 lance "Wyrmbane" {slay drac, rPois rF+ rC+ AC+3}
 16053 | Lair:5   | Found a staircase to the Slime Pits.
 16053 | Lair:5   | Found a viscous altar of Jiyva.
 16283 | Lair:6   | Entered Level 6 of the Lair of Beasts
 16298 | Lair:6   | Reached skill level 1 in Polearms
 16973 | Lair:5   | Received a gift from Trog
 17387 | Lair:6   | Found an opulent altar of Gozag.
 17546 | Lair:6   | Reached ****** piety under Trog
 17733 | Lair:6   | Reached skill level 5 in Polearms
 17935 | Lair:6   | Got a faintly glowing shield
 17941 | Lair:6   | Identified the +2 shield "Dudacsor" {rPois} (You found it on level 6 of the Lair of Beasts)
 18789 | D:13     | Reached skill level 1 in Shields
 19381 | D:14     | Found Ferap's General Store.
 19743 | D:14     | Received a gift from Trog
 20124 | Slime:1  | Entered Level 1 of the Pits of Slime
 20124 | Slime:1  | Noticed an acid blob
 20181 | Lair:5   | Killed an acid blob
 20181 | Lair:5   | Reached skill level 5 in Shields
 20391 | Swamp:1  | Entered Level 1 of the Swamp
 20477 | Swamp:1  | Found a frozen archway.
 20483 | IceCv    | Entered an ice cave
 20739 | IceCv    | Reached XP level 15. HP: 96/144 MP: 16/16
 21388 | IceCv    | Received a gift from Trog
 21759 | IceCv    | Got a pair of slimy gloves
 21770 | IceCv    | Identified the cursed +0 pair of gloves "Soteg" {rPois rF+ rC- MR+} (You found it in an ice cave)
 21773 | IceCv    | Got a pair of slimy boots
 21795 | IceCv    | Identified the -2 pair of boots of Impatience {rC+} (You found it in an ice cave)
 22223 | Swamp:1  | Noticed a thorn hunter
 22247 | Swamp:1  | Killed a thorn hunter
 22870 | Swamp:2  | HP: 7/144 [spiny frog (6)]
 22873 | Swamp:2  | HP: 2/144 [spriggan druid/angry trees (11)]
 23301 | Swamp:1  | Reached skill level 10 in Shields
 23970 | Swamp:2  | Received a gift from Trog
 24658 | D:14     | Found a gate to the Vaults.
 25202 | D:15     | Entered Level 15 of the Dungeon
 25366 | D:15     | Found a staircase to the Depths.
 25366 | D:15     | Noticed a fire giant
 25387 | D:15     | Killed a fire giant
 25557 | D:15     | Reached XP level 16. HP: 136/151 MP: 17/17
 25626 | D:15     | Received a gift from Trog
 25709 | D:15     | Found a blossoming altar of Fedhas.
 26068 | Depths:1 | Entered Level 1 of the Depths
 26159 | Depths:1 | Reached skill level 15 in Shields
 26246 | Depths:1 | Reached skill level 1 in Crossbows
 26460 | Depths:1 | Found a sparkling altar of Nemelex Xobeh.
 26776 | Depths:1 | Reached skill level 5 in Evocations
 26884 | Depths:1 | Reached skill level 5 in Crossbows
 27332 | Depths:1 | Got a transparent diamond amulet
 27335 | Depths:1 | Identified the amulet of Onajaw {Reflect MR+ Dex+4 SH+5} (You took it off a crimson imp on level 1 of the Depths)
 27345 | Depths:1 | Found a gateway to Hell.
 27396 | Depths:1 | Got a smelly leather armour
 27397 | Depths:1 | Identified the +3 leather armour "Fialup" {Str+2 Dex+2} (You found it on level 1 of the Depths)
 27826 | Orc:1    | Entered Level 1 of the Orcish Mines
 27833 | Orc:1    | Received a gift from Trog
 27896 | Orc:1    | Received a gift from Trog
 28170 | Orc:1    | Found Laizazuit's Antique Weapon Shop.
 28178 | Orc:1    | Found Lewaekh's Food Emporium.
 28203 | Orc:1    | Found Qosorurph's Book Shoppe.
 28373 | Orc:1    | Found Casis's Antique Weapon Boutique.
 28625 | Orc:1    | Found Kuleum's Food Boutique.
 28669 | Orc:2    | Entered Level 2 of the Orcish Mines
 28675 | Orc:2    | Noticed Urug
 28697 | Orc:1    | Killed Urug
 28891 | Orc:2    | Found a roughly hewn altar of Beogh.
 29173 | Orc:2    | Found Ruunupp's General Store.
 29187 | Orc:2    | Found Taginot's Book Emporium.
 29226 | Orc:2    | Found a staircase to the Elven Halls.
 29294 | Orc:2    | Received a gift from Trog
 29309 | Orc:2    | Found a roughly hewn altar of Beogh.
 29462 | Orc:2    | Found Uqyab's Antique Weapon Emporium.
 29477 | Orc:2    | Found Luuhutto's Antique Armour Emporium.
 29484 | Orc:2    | Bought a pair of shimmering gloves for 237 gold pieces
 29494 | Orc:2    | Identified the +1 pair of gloves of Miracles {rF+ Stlth+} (You bought it in a shop on level 2 of the Orcish Mines)
 29719 | Elf:1    | Entered Level 1 of the Elven Halls
 29905 | Elf:1    | Received a gift from Trog
 29957 | Elf:1    | Reached skill level 15 in Armour
 30392 | Elf:1    | Reached XP level 17. HP: 160/160 MP: 20/20
 30581 | Elf:1    | Reached skill level 17 in Fighting
 31104 | Elf:1    | Identified the Catalogue of Calling
 31650 | Elf:2    | Found a runed gate.
 31650 | Elf:2    | Found a runed gate.
 31650 | Elf:2    | Found a runed gate.
 31745 | Elf:2    | Received a gift from Trog
 31859 | Elf:2    | Found Jaxoib's Assorted Antiques.
 31911 | Elf:2    | Found a ruined gateway.
 31917 | Elf:2    | Reached skill level 18 in Fighting
 31929 | Desolati | Entered the Desolation of Salt
 32059 | Desolati | HP: 8/163 [troll[the player character] (12)]
 32060 | Desolati | HP: 3/163 [saltling (3)]
 32065 | Desolati | Killed from afar by a ragged hierophant

Skill      XL: |  1  2  3  4  5  6  7  8  9 10 11 12 13 14 15 16 17 |
---------------+----------------------------------------------------+-----
Axes           | 4 5 7 8 9 12 | 12.2
Fighting       | 5 7 9 10 11 13 15 16 18 | 18.0
Long Blades    | 1 7 12 14 | 14.0
Armour         | 3 9 11 12 13 14 15 16 | 16.1
Dodging        | 3 5 6 7 9 |  9.0
Evocations     | 3 6 |  6.0
Polearms       | 8 9 |  9.4
Shields        | 5 14 15 | 15.0
Crossbows      | 6 7 |  7.5

Action                   |  1- 3 |  4- 6 |  7- 9 | 10-12 | 13-15 | 16-18 || total
-------------------------+-------+-------+-------+-------+-------+-------++-------
Melee: Hand axe          |    66 |   100 |   192 |       |       |       ||   358
       Headbutt          |    19 |    11 |    65 |   115 |   357 |   236 ||   803
       War axe           |       |       |     6 |    39 |     8 |       ||    53
       Long sword        |       |       |    96 |   443 |       |       ||   539
       Great mace        |       |       |       |     1 |       |       ||     1
       Great sword       |       |       |       |       |   301 |       ||   301
       Lance             |       |       |       |       |  1069 |  1069 ||  2138
       Executioner's axe |       |       |       |       |    95 |       ||    95
Invok: Berserk           |     1 |     2 |     4 |    11 |     9 |     5 ||    32
       Burn Spellbooks   |       |       |     2 |       |     2 |     1 ||     5
       Brothers in Arms  |       |       |       |     1 |     3 |     2 ||     6
       Trog's Hand       |       |       |       |       |       |     1 ||     1
Evoke: Wand              |       |       |       |       |       |     5 ||     5
       Phial of floods   |       |       |       |       |       |     1 ||     1
       Phantom mirror    |       |       |       |       |       |     1 ||     1
  Use: Scroll            |       |     3 |     1 |    10 |    14 |    10 ||    38
       Potion            |       |     1 |       |     3 |     7 |    11 ||    22
 Stab: Sleeping          |     1 |       |       |       |       |       ||     1
       Petrified         |       |       |       |       |       |     1 ||     1
       Distracted        |       |       |       |       |       |     1 ||     1
       Paralysed         |       |       |       |       |       |     1 ||     1
  Eat: Chunk             |       |     7 |    13 |    22 |    26 |    15 ||    83
       Ration            |       |       |       |     2 |    10 |     3 ||    15
Armor: Animal skin       |     6 |       |       |       |       |       ||     6
       Chain mail        |    17 |    52 |   203 |   282 |   343 |   183 ||  1080
       Skin              |       |     2 |       |       |     2 |       ||     4
       Ring mail         |       |     2 |       |       |       |       ||     2
       Plate armour      |       |       |       |   141 |   390 |       ||   531
Dodge: Dodged            |    36 |    38 |   121 |   319 |   627 |   219 ||  1360
Block: Shield            |       |       |       |       |   348 |   520 ||   868
       Large shield      |       |       |       |       |    40 |       ||    40
       Reflection        |       |       |       |       |       |    47 ||    47
       Rpst.: Long sword |       |       |    19 |    73 |       |       ||    92
       Great sword       |       |       |       |       |    56 |       ||    56
